Map: Cyber Forest LE

Players

SortOf - Winner!

  • Race: Zerg Zerg
  • League: Diamond
  • Spawn Location: 11:00

Astrea

  • Race: Protoss Protoss
  • Spawn Location: 5:00

Event: 2019 WCS Summer

VOD

Have the link to the VOD?

Description

Time

  • Played on: July 12, 2019, 9:19 a.m.
  • Length: 10:55

All games in this series

Show
View Real Time Build Order
Export as new Build Order

SortOf Zerg - Winner!

Build Orders: Hatch First 

Get SALT Encoding   

  12  0:00  Drone  
  13  0:13  Overlord  
  13  0:17  Drone  
  14  0:31  Drone x2  
  16  0:48  Hatchery  
  15  0:51  Drone  
  15  0:55  Drone  
  17  0:58  Drone  
  18  1:10  Extractor  
  17  1:15  Spawning Pool  
  17  1:18  Drone  
  17  1:21  Drone  
  18  1:30  Drone  
  19  1:39  Drone  
  20  1:49  Overlord  
  20  2:01  Queen  
  20  2:02  Queen  
  20  2:03  Zergling x4  
  26  2:11  Drone  
  26  2:12  Drone  
  30  2:22  Drone x2  
  30  2:30  Hatchery  
  29  2:37  Zergling x2  
  29  2:40  Pneumatized Carapace  
  29  2:43  Drone  
  31  2:44  Drone  
  31  2:48  Overlord  
  32  2:56  Drone x2  
  34  2:59  Queen  
  36  3:10  Drone x4  
  40  3:13  Drone  
  40  3:18  Drone  
  42  3:22  Queen  
  42  3:26  Overlord  
  44  3:39  Overlord  
  44  3:42  Drone x6  
  44  3:43  Metabolic Boost  
  44  3:48  Drone  
  51  3:52  Queen  
  53  4:00  Drone  
  54  4:04  Drone x2, Roach Warren  
  54  4:07  Extractor  
  54  4:08  Extractor  
  53  4:10  Overlord  
  53  4:13  Drone x4  
  57  4:20  Drone x5  
  62  4:24  Overlord  
  62  4:28  Lair  
  62  4:31  Drone  
  62  4:36  Overlord  
  62  4:37  Zergling x4, Extractor  
  62  4:38  Zergling x2  
  65  4:41  Overlord  
  65  4:44  Drone x3  
  68  4:47  Drone  
  69  4:53  Overlord  
  69  4:56  Roach x3  
  69  4:58  Drone x2  
  78  5:00  Drone  
  78  5:01  Drone  
  78  5:03  Drone x2  
  78  5:06  Overlord  
  81  5:09  Roach  
  81  5:13  Roach  
  85  5:19  Roach x3  
  85  5:20  Roach x2  
  94  5:22  Overlord  
  96  5:28  Roach  
  96  5:29  Overseer, Extractor  
  96  5:30  Overlord  
  96  5:33  Roach  
  96  5:35  Overlord  
  97  5:38  Overseer  
  97  5:39  Overlord  
  97  5:41  Ravager x2  
  99  5:45  Zergling x12  
  99  5:46  Ravager  
  99  5:47  Ravager x2  
  108  5:52  Drone x5  
  108  5:55  Extractor  
  112  5:57  Drone x3  
  112  6:02  Spire  
  113  6:10  Glial Reconstitution  
  113  6:12  Drone  
  113  6:14  Overlord  
  113  6:17  Zergling x4  
  113  6:18  Zergling x6  
  113  6:19  Overseer  
  113  6:26  Drone  
  114  6:38  Hatchery, Overlord  
  113  6:40  Zergling x18  
  122  6:47  Overlord  
  122  6:55  Baneling Nest  
  121  7:05  Overlord  
  120  7:09  Drone  
  121  7:17  Mutalisk x9  
  121  7:22  Mutalisk  
  139  7:29  Mutalisk  
  142  7:34  Zergling x12  
  142  7:35  Zergling x2  
  142  7:38  Zerg Flyer Weapons Level 1  
  142  7:42  Mutalisk x2  
  142  7:43  Hatchery  
  142  7:44  Zergling x6  
  147  7:51  Mutalisk  
  145  7:54  Mutalisk  
  145  7:56  Zergling x8, Spine Crawler x3  
  150  7:58  Spine Crawler  
  150  8:00  Mutalisk  
  151  8:06  Zergling x10  
  151  8:11  Spine Crawler  
  151  8:15  Mutalisk x2  
  151  8:19  Mutalisk  
  126  8:28  Mutalisk  
  126  8:29  Zergling x14  
  129  8:38  Mutalisk x2  
  129  8:41  Zergling x10  
  134  8:45  Mutalisk  
  134  8:47  Zergling x6  
  141  8:58  Mutalisk x2  
  141  9:00  Drone x4  
  149  9:06  Drone x4  
  153  9:16  Mutalisk x2  
  153  9:17  Mutalisk  
  159  9:24  Drone x3, Extractor  
  159  9:26  Extractor, Overlord  
  159  9:30  Mutalisk x2  
  164  9:32  Overlord  
  164  9:33  Zergling x6  
  163  9:54  Mutalisk x2  
  167  10:00  Overlord  
  167  10:03  Overseer, Spore Crawler  
  167  10:04  Mutalisk x2  
  167  10:06  Zergling x26  
  183  10:08  Drone  
  183  10:09  Drone  
  183  10:11  Extractor x2  
  181  10:24  Mutalisk x4  
Show
View Real Time Build Order
Export as new Build Order

Astrea Protoss 

Build Orders: 1 Gate Expand 

Get SALT Encoding   

  12  0:01  Probe  
  13  0:13  Probe  
  14  0:20  Pylon  
  14  0:25  Probe  
  15  0:34  Probe  
  15  0:42  Probe, Gateway  
  16  0:48  Assimilator  
  17  0:53  Probe  
  18  1:05  Probe  
  19  1:17  Probe  
  20  1:24  Nexus  
  20  1:34  Cybernetics Core  
  20  1:37  Probe  
  21  1:43  Assimilator  
  21  1:49  Probe  
  21  1:52  Pylon  
  22  2:01  Probe, Adept  
  23  2:14  Probe  
  26  2:16  Robotics Facility  
  26  2:19  Warp Gate  
  26  2:25  Probe  
  27  2:31  Stalker  
  27  2:32  Probe  
  27  2:34  Probe  
  30  2:40  Probe  
  30  2:42  Probe  
  31  2:50  Probe  
  33  2:52  Probe  
  33  2:56  Warp Prism  
  35  3:02  Probe  
  35  3:04  Probe  
  37  3:07  Sentry  
  41  3:13  Pylon  
  41  3:14  Probe  
  41  3:16  Probe  
  43  3:24  Immortal  
  43  3:27  Probe  
  44  3:28  Probe  
  49  3:39  Probe  
  49  3:40  Probe  
  53  3:51  Probe  
  54  3:56  Pylon  
  54  3:58  Probe  
  53  4:03  Probe  
  53  4:04  Immortal  
  53  4:05  Gateway  
  53  4:06  Gateway  
  54  4:14  Probe  
  54  4:15  Probe  
  60  4:20  Gateway  
  60  4:22  Assimilator, Pylon  
  60  4:25  Assimilator  
  60  4:26  Probe  
  60  4:29  Probe  
  62  4:34  Gateway  
  62  4:35  Gateway  
  62  4:39  Immortal  
  62  4:52  Pylon  
  66  4:55  Pylon  
  66  4:57  Sentry  
  68  5:02  Sentry  
  70  5:07  Pylon  
  70  5:10  Sentry  
  72  5:14  Probe x2  
  72  5:17  Sentry, Robotics Bay  
  76  5:25  Sentry  
  76  5:26  Sentry  
  80  5:32  Zealot x2  
  80  5:33  Zealot  
  80  5:35  Pylon  
  86  5:36  Observer  
  86  5:42  Gateway  
  87  5:48  Pylon  
  87  5:50  Stalker  
  87  5:55  Disruptor  
  89  6:01  Probe x2  
  89  6:02  Nexus  
  94  6:15  Probe  
  94  6:17  Zealot x6  
  107  6:23  Probe, Pylon  
  108  6:29  Disruptor  
  108  6:35  Shield Battery  
  108  6:37  Pylon  
  108  6:46  Sentry  
  108  6:47  Sentry, Zealot  
  115  6:53  Probe  
  118  6:55  Probe  
  118  6:56  Disruptor, Pylon  
  118  6:58  Pylon  
  119  7:07  Stalker  
  124  7:15  Stalker x4  
  132  7:25  Zealot x2  
  131  7:37  Stalker  
  131  7:42  Stalker x4  
  144  7:45  Probe x3  
  145  8:05  Stalker x6  
  146  8:07  Stalker  
  155  8:18  Probe  
  124  8:30  Stalker x6  
  122  8:42  Probe  
  122  8:43  Probe x2  
  125  8:50  Probe  
  125  8:51  Probe x2  
  125  8:53  Colossus  
  128  9:00  Probe x2  
  128  9:01  Probe  
  128  9:09  Probe x2  
  131  9:13  Probe  
  134  9:17  Probe x2  
  136  9:26  Probe, Stargate  
  136  9:27  Probe x2  
  136  9:29  Stargate  
  139  9:33  Stalker  
  141  9:40  Shield Battery  
  141  9:50  Stalker x4  
  137  9:59  Probe x3  
  140  10:01  Pylon  
  140  10:04  Pylon  
  140  10:07  Assimilator  
  140  10:09  Assimilator  
  140  10:15  Stalker x4  
  140  10:17  Phoenix  
  140  10:18  Phoenix  
  118  10:40  Stalker x3  
Tags
 
Add a new tag
Caveats
  • Supply blocks, unpowered buildings, or Contaminate may cause inaccurate times.
  • Supply counts are checked every 10 seconds.